Map: Orbital Shipyard

Players

Daimn

  • Race: Protoss Protoss
  • League: Gold

capac - Winner!

  • Race: Terran Terran
  • League: Gold

VOD

Have the link to the VOD?

Description

Time

  • Played on: March 15, 2016, 3:30 p.m.
  • Length: 18:47
Show
View Real Time Build Order
Export as new Build Order

Daimn Protoss 

Build Orders:  

Get SALT Encoding   

  12  0:01  Probe (Chrono Boost)  
  13  0:11  Probe (Chrono Boost)  
  14  0:18  Pylon  
  14  0:22  Probe (Chrono Boost)  
  15  0:36  Probe (Chrono Boost)  
  16  0:46  Probe (Chrono Boost)  
  17  1:06  Nexus  
  18  1:11  Probe (Chrono Boost)  
  18  1:20  Gateway  
  18  1:25  Assimilator  
  18  1:28  Probe (Chrono Boost)  
  19  1:35  Assimilator  
  19  1:43  Probe (Chrono Boost)  
  20  1:48  Gateway  
  20  1:53  Probe (Chrono Boost)  
  21  2:04  Probe (Chrono Boost)  
  21  2:07  Cybernetics Core  
  22  2:15  Probe (Chrono Boost)  
  23  2:19  Probe (Chrono Boost)  
  24  2:27  Probe (Chrono Boost)  
  25  2:44  Stalker x2 (Chrono Boost)  
  28  3:14  Mothership Core  
  28  3:15  Probe  
  31  3:27  Probe  
  31  3:31  Adept x2 (Chrono Boost)  
  36  3:42  Probe x2  
  36  3:46  Robotics Facility  
  38  3:52  Pylon  
  38  3:56  Pylon  
  38  4:07  Probe  
  38  4:20  Stalker x2 (Chrono Boost)  
  38  4:22  Probe  
  38  4:23  Probe  
  44  4:33  Immortal  
  44  4:35  Probe  
  49  4:44  Pylon  
  49  4:50  Probe x2  
  51  4:57  Warp Gate (Chrono Boost)  
  51  4:59  Adept (Chrono Boost)  
  53  5:03  Adept (Chrono Boost)  
  53  5:06  Pylon  
  55  5:07  Twilight Council  
  55  5:09  Probe  
  55  5:10  Probe  
  55  5:12  Observer  
  58  5:15  Assimilator  
  58  5:24  Probe x2, Pylon  
  58  5:26  Adept (Chrono Boost)  
  64  5:28  Adept (Chrono Boost)  
  64  5:36  Probe, Observer  
  66  5:44  Gateway  
  66  5:45  Resonating Glaives (Chrono Boost)  
  66  5:46  Gateway  
  66  5:55  Adept (Chrono Boost)  
  66  5:57  Adept (Chrono Boost)  
  70  6:06  Warp Prism  
  70  6:09  Probe x2  
  74  6:15  Assimilator  
  74  6:21  Adept  
  74  6:22  Adept  
  78  6:47  Templar Archives  
  78  6:57  Pylon  
  78  7:06  Forge  
  78  7:07  Forge  
  78  7:12  Pylon  
  78  7:14  Nexus  
  78  7:15  Probe x2, Observer, Pylon  
  81  7:17  Psionic Storm  
  81  7:25  Blink (Chrono Boost)  
  81  7:32  Adept x4  
  89  7:55  High Templar x2  
  93  8:29  Probe x2  
  97  8:34  Immortal  
  91  8:57  Probe  
  91  8:58  Probe x2  
  91  8:59  Protoss Shields Level 1 (Chrono Boost), Protoss Ground Weapons Level 1 (Chrono Boost)  
  94  9:05  Adept x4  
  102  9:11  Probe x2  
  102  9:16  Pylon  
  104  9:23  High Templar  
  98  9:57  Probe x2  
  100  10:01  Stalker x3  
  100  10:02  Stalker, Assimilator  
  100  10:07  Probe, Assimilator  
  108  10:09  Probe  
  110  10:14  Robotics Bay  
  110  10:15  Immortal  
  114  10:26  Probe x3  
  117  10:38  Probe x2  
  119  10:44  Gateway  
  119  10:45  Gateway  
  119  10:46  Gateway  
  119  10:48  Probe  
  119  10:49  Stalker x2  
  124  10:50  Probe  
  124  10:54  Nexus  
  124  10:56  Pylon  
  125  10:57  Charge, Pylon  
  125  10:58  Pylon  
  125  11:01  Protoss Ground Weapons Level 2 (Chrono Boost), Protoss Shields Level 2 (Chrono Boost)  
  125  11:14  Probe x2  
  125  11:15  Probe  
  128  11:22  Pylon  
  128  11:23  High Templar x3  
  128  11:25  Pylon  
  134  11:26  Pylon  
  134  11:31  Pylon x2  
  134  11:35  Gravitic Drive  
  134  11:37  Probe x2  
  136  11:43  Probe  
  137  11:49  Probe  
  137  12:00  Probe x2  
  119  12:28  Archon  
  87  12:30  Adept x4  
  87  12:31  Adept  
  97  12:40  Adept  
  97  12:41  Adept  
  83  12:49  Immortal  
  83  12:51  Adept x5  
  87  13:02  Adept x2  
  90  13:09  Adept  
  90  13:20  High Templar x3  
  96  13:28  Immortal  
  94  13:44  Adept x2  
  94  13:45  Adept  
  98  13:54  Adept  
  100  14:08  High Templar x3  
  104  14:14  Pylon  
  104  14:16  Adept  
  106  14:25  Immortal  
  110  14:33  Gateway  
  110  14:34  Gateway  
  110  14:35  Gateway x2  
  106  15:32  Stalker  
  106  15:33  Stalker  
  102  15:51  Adept  
  102  15:52  Adept x5  
  108  16:20  High Templar x3  
  108  16:23  Adept x3  
  116  16:28  Warp Prism  
  114  17:15  Stalker  
  114  17:16  Stalker x5  
  114  17:17  Stalker  
  110  17:39  Stalker x2  
  110  17:40  Stalker x4  
Show
View Real Time Build Order
Export as new Build Order

capac Terran - Winner!

Build Orders: MMM Bio 

Get SALT Encoding   

  12  0:00  SCV  
  13  0:12  SCV  
  14  0:18  Supply Depot  
  14  0:25  SCV  
  15  0:39  SCV  
  15  0:40  Barracks  
  16  0:44  Refinery  
  16  0:52  SCV  
  17  1:04  SCV  
  18  1:17  SCV  
  19  1:29  Reaper, SCV  
  21  1:36  Command Center  
  21  1:45  SCV  
  22  1:53  Supply Depot  
  22  1:57  Orbital Command  
  22  2:04  Barracks Reactor  
  22  2:18  Barracks  
  22  2:26  SCV  
  23  2:40  Reaper x2  
  25  2:51  SCV  
  26  3:03  SCV  
  27  3:10  Barracks Tech Lab  
  27  3:12  Factory, Marine x2  
  29  3:25  Refinery  
  29  3:29  Orbital Command  
  29  3:36  Marine x2  
  31  3:49  SCV  
  31  3:54  SCV  
  31  4:11  SCV  
  31  4:12  SCV  
  31  4:14  Marine x3  
  35  4:17  Factory Tech Lab  
  35  4:20  Starport  
  35  4:23  Barracks  
  35  4:25  Barracks  
  35  4:28  Engineering Bay  
  35  4:29  Supply Depot, Engineering Bay  
  35  4:30  SCV x2  
  37  4:34  Refinery, Marine x3  
  37  4:35  Refinery  
  37  4:36  Stimpack  
  40  4:46  SCV x2  
  40  4:52  Siege Tank  
  45  5:01  SCV x2  
  47  5:08  Supply Depot  
  47  5:10  Terran Infantry Weapons Level 1, Terran Infantry Armor Level 1  
  47  5:12  Marine  
  47  5:13  Marine, SCV  
  47  5:14  SCV  
  51  5:15  Barracks Reactor  
  51  5:17  Marine x2  
  53  5:32  Marine  
  53  5:33  Marine  
  55  5:36  Barracks Reactor  
  55  5:39  Siege Tank  
  55  5:40  Starport Reactor  
  58  5:45  Marine  
  58  5:49  Supply Depot  
  59  5:50  Marine x2  
  59  5:54  Supply Depot  
  61  6:01  Marine  
  62  6:11  Marine x2, Siege Tank  
  67  6:17  Supply Depot  
  67  6:20  Medivac x2  
  67  6:22  Marine  
  67  6:23  Marine x4  
  67  6:25  SCV x2  
  78  6:36  Supply Depot  
  78  6:38  Marine x2, Combat Shields  
  78  6:39  Supply Depot  
  80  6:40  Marine  
  80  6:42  SCV x2  
  83  6:55  Medivac  
  83  6:57  Medivac  
  87  7:03  Marine x4  
  87  7:04  Marine x2  
  87  7:05  Siege Tank  
  96  7:11  Supply Depot  
  96  7:15  Marine  
  96  7:21  Marine x2  
  99  7:22  Armory  
  99  7:25  Supply Depot  
  99  7:35  Liberator  
  99  7:36  Liberator  
  99  7:38  SCV  
  99  7:39  SCV  
  99  7:41  Marine x5  
  99  7:42  Marine x2  
  106  7:50  Supply Depot  
  106  7:52  Siege Tank  
  110  8:18  Command Center  
  101  8:54  SCV  
  101  8:55  SCV  
  103  9:07  SCV x2  
  105  9:19  SCV x2, Medivac x2  
  105  9:20  Marine x5  
  105  9:21  Marine  
  117  9:25  Supply Depot  
  117  9:31  SCV x2  
  117  9:43  SCV  
  114  10:14  Missile Turret  
  114  10:16  SCV x2  
  116  10:28  SCV  
  116  10:29  SCV  
  116  10:31  Orbital Command  
  116  10:33  Missile Turret  
  118  10:36  Siege Tank  
  121  10:47  Marine x6  
  127  10:52  SCV  
  128  11:02  Missile Turret  
  128  11:18  Marine x5  
  129  11:19  Marine x2  
  135  11:36  Marine x6  
  141  12:06  Supply Depot  
  99  12:54  Marine  
  99  12:55  Marine x4  
  101  13:21  Marine x3  
  101  13:22  Marine x2  
  105  14:03  Liberator x2  
  105  14:06  Marine x3  
  105  14:07  Marine x3  
  111  14:10  Marine  
  111  14:13  SCV x2  
  114  14:19  Siege Tank  
  114  14:21  Factory  
  123  14:24  Marine x3  
  123  14:25  SCV x2  
  128  14:55  Marine x2  
  128  14:56  Marine x5  
  131  15:39  Liberator x2  
  130  16:21  Liberator  
  130  16:22  Liberator  
  130  16:25  Terran Infantry Weapons Level 2, Terran Infantry Armor Level 2  
  130  16:26  Starport  
  130  16:33  Command Center  
  130  16:34  Command Center  
  130  16:36  Refinery  
  136  16:42  Refinery  
  133  17:16  Liberator x2  
Tags
 
Add a new tag
Caveats
  • Supply blocks, unpowered buildings, or Contaminate may cause inaccurate times.
  • Supply counts are checked every 10 seconds.